[ AOE2 MATCH · #495765863 ]
UnrankedEthiopians vs Byzantines
Player's team · WIN
[ REPLAY ANALYSIS · EXTRACTED FROM THE RECORDED GAME ]
Feudal
8:56
Castle
19:42
Imperial
35:45
| APM avg | 47.1 |
| APM peak | 97 |
| eAPM avg | 23.7 |
| Villagers / military | 142 / 262 |
Focus
⚔️ 33.3% · 🌾 66.7%
Archer ×105 · Shotel Warrior ×81 · Scout Cavalry ×53 · Militia ×10 · Trebuchet (Packed) ×7 · Knight ×6
Feudal
8:53
Castle
21:08
Imperial
40:24
| APM avg | 39.3 |
| APM peak | 72 |
| eAPM avg | 18.5 |
| Villagers / military | 167 / 134 |
Focus
⚔️ 34.0% · 🌾 66.0%
Skirmisher ×94 · Cataphract ×22 · Knight ×8 · Spearman ×5 · Monk ×4 · Trebuchet (Packed) ×1
Match map
Initial resources + every placement click. Lines = walls · curves = elevation contours. ◆ gold · ⬟ stone · ● berries · ✦ relic · ◌ wall gap
Your base· Open — opponent sealed themselves in
oldmonk's base· ✓ Closed at 21:08 · 20t walls · 1 gate(s)
Smoothed initial terrain · ◌ = detected wall gap · hover for details
Inputs per minute
— GL.Prodflop - - oldmonk
Build order — GL.Prodflop
First 150 of 418 actions detected
| 0:01 | Queue | Villager (Male) |
| 0:01 | Queue | Villager (Male) |
| 0:01 | Queue | Villager (Male) |
| 0:02 | Queue | Villager (Male) |
| 0:02 | Build | House |
| 0:04 | Build | House |
| 1:34 | Queue | Villager (Male) |
| 1:34 | Queue | Villager (Male) |
| 1:51 | Build | Lumber Camp |
| 2:02 | Queue | Villager (Male) |
| 2:34 | Queue | Villager (Male) |
| 2:34 | Queue | Villager (Male) |
| 2:43 | Queue | Villager (Male) |
| 2:58 | Queue | Villager (Male) |
| 2:58 | Queue | Villager (Male) |
| 3:45 | Queue | Villager (Male) |
| 3:46 | Queue | Villager (Male) |
| 3:46 | Queue | Villager (Male) |
| 3:53 | Build | House |
| 3:55 | Build | House |
| 4:06 | Queue | Villager (Male) |
| 4:06 | Queue | Villager (Male) |
| 4:19 | Queue | Villager (Male) |
| 4:20 | Queue | Villager (Male) |
| 4:30 | Queue | Villager (Male) |
| 4:30 | Queue | Villager (Male) |
| 5:19 | Queue | Villager (Male) |
| 5:28 | Build | Barracks |
| 5:34 | Queue | Villager (Male) |
| 5:35 | Research | Loom |
| 6:40 | Build | Mining Camp |
| 6:46 | Research | Feudal Age |
| 7:01 | Queue | Militia |
| 7:01 | Queue | Militia |
| 7:19 | Queue | Militia |
| 7:44 | Queue | Militia |
| 7:44 | Queue | Militia |
| 8:16 | Queue | Villager (Male) |
| 8:56 | Age | Feudal Age |
| 9:02 | Build | Archery Range |
| 9:03 | Research | Double-Bit Axe |
| 9:15 | Queue | Villager (Male) |
| 9:20 | Build | Mill |
| 9:21 | Queue | Villager (Male) |
| 9:46 | Queue | Archer |
| 9:47 | Queue | Archer |
| 10:03 | Build | House |
| 10:06 | Build | House |
| 10:09 | Queue | Villager (Male) |
| 10:18 | Research | Man-at-Arms (upgrade) |
| 10:26 | Build | Palisade Wall |
| 10:37 | Build | Palisade Wall |
| 10:52 | Queue | Villager (Male) |
| 10:53 | Queue | Villager (Male) |
| 11:13 | Queue | Villager (Male) |
| 11:13 | Queue | Villager (Male) |
| 11:16 | Build | Farm |
| 11:16 | Build | Farm |
| 11:16 | Build | Farm |
| 11:17 | Build | Farm |
| 11:17 | Build | Farm |
| 11:29 | Queue | Archer |
| 11:30 | Queue | Archer |
| 11:52 | Build | Palisade Wall |
| 11:57 | Build | House |
| 12:07 | Queue | Villager (Male) |
| 12:08 | Queue | Villager (Male) |
| 12:08 | Queue | Villager (Male) |
| 12:08 | Queue | Villager (Male) |
| 12:14 | Build | Farm |
| 12:25 | Queue | Archer |
| 12:42 | Queue | Villager (Male) |
| 12:48 | Build | House |
| 12:56 | Queue | Villager (Male) |
| 12:58 | Queue | Archer |
| 12:58 | Queue | Archer |
| 13:22 | Build | Farm |
| 13:25 | Build | Farm |
| 13:32 | Build | Farm |
| 13:33 | Queue | Villager (Male) |
| 13:36 | Queue | Villager (Male) |
| 13:45 | Build | Farm |
| 14:03 | Queue | Villager (Male) |
| 14:15 | Build | Blacksmith |
| 14:25 | Queue | Archer |
| 14:38 | Build | Farm |
| 14:44 | Queue | Villager (Male) |
| 15:00 | Build | House |
| 15:13 | Build | Farm |
| 15:17 | Queue | Villager (Male) |
| 15:39 | Build | Farm |
| 15:45 | Build | House |
| 15:54 | Build | House |
| 15:57 | Queue | Archer |
| 15:58 | Queue | Villager (Male) |
| 16:17 | Research | Town Watch |
| 16:34 | Build | House |
| 17:02 | Research | Castle Age |
| 17:03 | Research | Castle Age |
| 17:03 | Research | Castle Age |
| 17:04 | Research | Castle Age |
| 17:04 | Research | Castle Age |
| 17:04 | Research | Castle Age |
| 17:11 | Build | Stable |
| 17:32 | Research | Scale Barding Armor |
| 17:41 | Queue | Archer |
| 17:42 | Queue | Archer |
| 17:42 | Queue | Archer |
| 17:59 | Research | Horse Collar |
| 18:03 | Research | Gold Mining |
| 18:12 | Build | Farm |
| 18:16 | Queue | Archer |
| 18:47 | Research | Fletching |
| 18:58 | Queue | Archer |
| 19:42 | Age | Castle Age |
| 19:44 | Queue | Knight |
| 19:45 | Research | Bodkin Arrow |
| 19:59 | Build | Town Center |
| 20:02 | Queue | Villager (Male) |
| 20:04 | Queue | Villager (Male) |
| 20:09 | Queue | Villager (Male) |
| 20:11 | Queue | Archer |
| 20:23 | Research | Bow Saw |
| 20:26 | Research | Crossbowman (upgrade) |
| 20:26 | Research | Crossbowman (upgrade) |
| 20:27 | Queue | Villager (Male) |
| 20:31 | Build | Palisade Wall |
| 20:51 | Build | Farm |
| 20:56 | Queue | Archer |
| 21:11 | Queue | Villager (Male) |
| 21:14 | Queue | Archer |
| 21:34 | Queue | Villager (Male) |
| 21:35 | Queue | Villager (Male) |
| 21:35 | Queue | Villager (Male) |
| 21:44 | Queue | Knight |
| 21:44 | Queue | Knight |
| 21:48 | Build | Farm |
| 21:49 | Build | Farm |
| 21:51 | Build | Farm |
| 21:54 | Queue | Villager (Male) |
| 22:02 | Build | Mining Camp |
| 22:13 | Queue | Knight |
| 22:29 | Queue | Villager (Male) |
| 22:30 | Queue | Villager (Male) |
| 22:30 | Queue | Villager (Male) |
| 22:30 | Queue | Villager (Male) |
| 22:33 | Build | Farm |
| 22:34 | Build | Farm |
| 22:36 | Build | Farm |
| 22:48 | Build | Farm |
Build order — oldmonk
First 150 of 474 actions detected
| 0:00 | Queue | Villager (Male) |
| 0:00 | Queue | Villager (Male) |
| 0:01 | Queue | Villager (Male) |
| 0:01 | Queue | Villager (Male) |
| 0:02 | Build | House |
| 0:03 | Build | House |
| 1:39 | Queue | Villager (Male) |
| 1:56 | Build | Lumber Camp |
| 2:02 | Queue | Villager (Male) |
| 2:19 | Queue | Villager (Male) |
| 2:45 | Queue | Villager (Male) |
| 3:16 | Queue | Villager (Male) |
| 3:16 | Queue | Villager (Male) |
| 3:20 | Queue | Villager (Male) |
| 3:49 | Build | House |
| 4:09 | Queue | Villager (Male) |
| 4:10 | Queue | Villager (Male) |
| 4:38 | Build | Palisade Wall |
| 4:53 | Queue | Villager (Male) |
| 4:53 | Queue | Villager (Male) |
| 5:16 | Queue | Villager (Male) |
| 5:16 | Queue | Villager (Male) |
| 5:22 | Build | Mill |
| 5:29 | Research | Loom |
| 6:43 | Research | Feudal Age |
| 7:40 | Build | Barracks |
| 7:53 | Build | House |
| 7:56 | Build | Palisade Wall |
| 8:46 | Queue | Villager (Male) |
| 8:46 | Queue | Villager (Male) |
| 8:53 | Age | Feudal Age |
| 8:55 | Build | Archery Range |
| 9:14 | Queue | Spearman |
| 9:27 | Research | Double-Bit Axe |
| 9:29 | Build | House |
| 9:44 | Queue | Villager (Male) |
| 9:45 | Queue | Villager (Male) |
| 9:52 | Build | Farm |
| 9:55 | Build | Farm |
| 10:03 | Build | Palisade Gate |
| 10:10 | Build | House |
| 10:23 | Build | Palisade Wall |
| 10:26 | Queue | Villager (Male) |
| 10:40 | Queue | Skirmisher |
| 10:40 | Queue | Skirmisher |
| 10:43 | Build | Farm |
| 10:57 | Queue | Villager (Male) |
| 11:02 | Build | Farm |
| 11:16 | Queue | Skirmisher |
| 11:17 | Queue | Villager (Male) |
| 11:23 | Build | Farm |
| 11:31 | Build | Farm |
| 11:47 | Queue | Villager (Male) |
| 11:49 | Build | Farm |
| 12:11 | Queue | Villager (Male) |
| 12:15 | Build | Farm |
| 12:34 | Queue | Villager (Male) |
| 12:41 | Build | Blacksmith |
| 12:53 | Queue | Villager (Male) |
| 13:07 | Build | House |
| 13:13 | Queue | Skirmisher |
| 13:13 | Queue | Skirmisher |
| 13:18 | Build | Farm |
| 13:27 | Queue | Villager (Male) |
| 13:31 | Build | Farm |
| 13:49 | Build | Farm |
| 13:53 | Queue | Villager (Male) |
| 13:54 | Queue | Skirmisher |
| 13:58 | Research | Padded Archer Armor |
| 14:05 | Queue | Villager (Male) |
| 14:09 | Build | Farm |
| 14:09 | Build | Farm |
| 14:19 | Queue | Villager (Male) |
| 14:25 | Build | Farm |
| 14:37 | Queue | Villager (Male) |
| 14:40 | Build | House |
| 14:41 | Build | House |
| 14:52 | Build | Farm |
| 14:56 | Queue | Villager (Male) |
| 14:59 | Research | Fletching |
| 15:07 | Build | Farm |
| 15:27 | Build | Farm |
| 15:48 | Build | Mining Camp |
| 16:03 | Queue | Villager (Male) |
| 16:08 | Build | Farm |
| 16:11 | Build | House |
| 16:15 | Build | Palisade Wall |
| 16:22 | Queue | Villager (Male) |
| 16:39 | Queue | Villager (Male) |
| 17:00 | Build | Market |
| 17:10 | Build | House |
| 17:22 | Build | Lumber Camp |
| 17:26 | Queue | Villager (Male) |
| 17:31 | Build | House |
| 18:03 | Queue | Villager (Male) |
| 18:12 | Research | Castle Age |
| 18:27 | Build | Stable |
| 18:39 | Research | Horse Collar |
| 18:46 | Queue | Skirmisher |
| 18:46 | Queue | Skirmisher |
| 19:10 | Build | Archery Range |
| 19:30 | Build | Farm |
| 19:30 | Build | Farm |
| 20:09 | Queue | Villager (Male) |
| 20:09 | Queue | Villager (Male) |
| 20:21 | Queue | Skirmisher |
| 20:53 | Research | Gold Mining |
| 21:08 | Age | Castle Age |
| 21:10 | Research | Elite Skirmisher (upgrade) |
| 21:13 | Queue | Skirmisher |
| 21:13 | Queue | Skirmisher |
| 21:27 | Research | Bodkin Arrow |
| 21:35 | Build | Town Center |
| 21:43 | Queue | Villager (Male) |
| 21:43 | Queue | Villager (Male) |
| 21:44 | Queue | Skirmisher |
| 21:45 | Queue | Skirmisher |
| 21:57 | Research | Leather Archer Armor |
| 21:59 | Queue | Skirmisher |
| 21:59 | Queue | Skirmisher |
| 22:10 | Build | Lumber Camp |
| 22:26 | Queue | Skirmisher |
| 22:39 | Queue | Skirmisher |
| 22:50 | Queue | Villager (Male) |
| 22:50 | Queue | Villager (Male) |
| 22:50 | Queue | Villager (Male) |
| 22:50 | Queue | Villager (Male) |
| 22:59 | Queue | Villager (Male) |
| 23:00 | Queue | Skirmisher |
| 23:00 | Queue | Skirmisher |
| 23:24 | Queue | Villager (Male) |
| 23:28 | Build | Monastery |
| 23:39 | Queue | Villager (Male) |
| 23:40 | Queue | Skirmisher |
| 23:40 | Queue | Skirmisher |
| 23:45 | Build | Farm |
| 23:55 | Queue | Monk |
| 23:55 | Queue | Monk |
| 23:59 | Queue | Villager (Male) |
| 24:01 | Build | House |
| 24:14 | Build | House |
| 24:25 | Build | Farm |
| 24:26 | Build | Farm |
| 24:26 | Build | Farm |
| 24:26 | Build | Farm |
| 24:28 | Queue | Villager (Male) |
| 24:28 | Queue | Villager (Male) |
| 24:29 | Queue | Skirmisher |
| 24:30 | Queue | Skirmisher |
| 24:47 | Queue | Villager (Male) |
Match timeline
| 4:38 | oldmonk · wall_segment Palisade Wall x1 |
| 5:28 | GL.Prodflop · first_building Barracks |
| 7:40 | oldmonk · first_building Barracks |
| 7:56 | oldmonk · wall_segment Palisade Wall x11 |
| 8:53 | oldmonk · age_up feudal |
| 8:55 | oldmonk · first_building Archery Range |
| 8:56 | GL.Prodflop · age_up feudal |
| 9:02 | GL.Prodflop · first_building Archery Range |
| 10:23 | oldmonk · wall_segment Palisade Wall x1 |
| 10:26 | GL.Prodflop · wall_segment Palisade Wall x6 |
| 10:37 | GL.Prodflop · wall_segment Palisade Wall x8 |
| 11:52 | GL.Prodflop · wall_segment Palisade Wall x11 |
| 16:15 | oldmonk · wall_segment Palisade Wall x7 |
| 17:11 | GL.Prodflop · first_building Stable |
| 18:11 | oldmonk · first_market_sell 100 food |
| 18:27 | oldmonk · first_building Stable |
| 19:42 | GL.Prodflop · age_up castle |
| 20:31 | GL.Prodflop · wall_segment Palisade Wall x1 |
| 21:08 | oldmonk · age_up castle |
| 23:28 | oldmonk · first_building Monastery |
| 25:01 | GL.Prodflop · first_building Siege Workshop |
| 29:35 | GL.Prodflop · first_building Castle |
| 32:04 | GL.Prodflop · first_market_buy 100 food |
| 32:53 | oldmonk · first_market_buy 100 wood |
| 35:39 | oldmonk · first_building Castle |
| 35:45 | GL.Prodflop · age_up imperial |
| 40:24 | oldmonk · age_up imperial |
| 40:55 | GL.Prodflop · first_market_sell 100 food |
| 44:01 | oldmonk · first_building Siege Workshop |
| 49:06 | oldmonk · resign |
[ AI ANALYSIS · 1 CREDIT ]
What really happened in this match?
Wolo.gg analyzes every decision: build order, eco, micro, common mistakes by bracket. Personalized analysis on WhatsApp or Discord in 30 seconds.
Civ guide
Ethiopians
Perfil
Jugador #8549763